 Dungeon Crawl Stone Soup version 0.29-a0-284-gf9362112df (webtiles) character file.

Game seed: 15644910912710646005

107 n8rtot the Slasher (level 4, -4/38 HPs)
             Began as a Minotaur Gladiator on Mar 26, 2022.
             Was an Initiate of Okawaru.
             Slain by Crazy Yiuf
             ... wielding a +2 quarterstaff of chaos
              (13 damage)
             ... on level 3 of the Dungeon.
             The game lasted 00:08:14 (2920 turns).

n8rtot the Slasher (Minotaur Gladiator)             Turns: 2920, Time: 00:08:14

Health: -4/38      AC:  8    Str: 20    XL:     4   Next: 57%
Magic:  3/3        EV:  8    Int:  5    God:    Okawaru [......]
Gold:   135        SH:  3    Dex: 15    Spells: 3/3 levels left

rFire   . . .      SeeInvis .   x - +9 whip of Ofef {elec, Dex+3}
rCold   . . .      Faith    .   v - +0 buckler
rNeg    . . .      Spirit   .   t - +0 chain mail
rPois   .          Reflect  .   c - +0 hat
rElec   .          Harm     .   (no cloak)
rCorr   .          Rampage  .   (no gloves)
Will    .....                   (no boots)
Stlth   ..........              (no amulet)
HPRegen 0.12/turn               (no ring)
MPRegen 0.08/turn               (no ring)

@: lethally poisoned (-4 -> -9)
A: horns 2, retaliatory headbutt
a: Renounce Religion


You were on level 3 of the Dungeon.
You worshipped Okawaru.
Okawaru was noncommittal.
You visited 1 branch of the dungeon, and saw 3 of its levels.

You collected 135 gold pieces.

Inventory:

Hand Weapons
 a - a +0 long sword
 s - a +0 hunting sling
 x - the +9 whip of Ofef (weapon) {elec, Dex+3}
   (You found it on level 3 of the Dungeon)

   It occasionally discharges a powerful burst of electricity upon striking a
   foe.
   Dex:       It affects your dexterity (+3).
Missiles
 d - 3 throwing nets (quivered)
 e - a javelin
 h - 84 stones
Armour
 b - a +0 leather armour
 c - a +0 hat (worn)
 p - a +0 ring mail
 r - a +0 scale mail
 t - a +0 chain mail (worn)
 v - a +0 buckler (worn)
Scrolls
 f - 5 scrolls of teleportation {unknown}
 i - a scroll of enchant armour {unknown}
 j - a scroll of magic mapping {unknown}
 o - a scroll of noise {unknown}
 u - a scroll of amnesia {unknown}
 w - 2 scrolls of blinking {unknown}
 y - a scroll of identify {unknown}
 z - a scroll of fear {unknown}
 A - a scroll of vulnerability {unknown}
Potions
 g - 2 potions of attraction {unknown}
 k - a potion of curing {unknown}
 l - a potion of flight {unknown}
 m - a potion of cancellation {unknown}
 n - a potion of resistance {unknown}
 q - 2 potions of invisibility {unknown}
 B - 2 potions of haste {unknown}


   Skills:
 + Level 3.0 Fighting
 - Level 5.3 Long Blades
 + Level 2.2 Throwing
 + Level 1.6 Armour
 + Level 3.8 Dodging


You had 3 spell levels left.
You didn't know any spells.
Your spell library was empty.

Dungeon Overview and Level Annotations

Branches:
Dungeon (3/15)

Altars:
Okawaru

Annotations:
D:3 Crazy Yiuf


Innate Abilities, Weirdness & Mutations

You have a pair of horns on your head.
You reflexively headbutt those who attack you in melee.


Message History

You see here a +0 robe.
There is an open door here.
You open the door.
A hobgoblin comes into view.
The hobgoblin shouts!
Found 2 inky potions.
Found a faded altar of an unknown god.
The hobgoblin hits you.
There is an open door here.
You whack the hobgoblin!
You kill the hobgoblin!
Okawaru accepts your kill.
B - 2 inky potions
There is an open door here.
There is an open door here.
You see here a +0 mace.
Crazy Yiuf shouts!
You open the door. You hit Crazy Yiuf.
Crazy Yiuf is moderately wounded.
Crazy Yiuf hits you with a +2 quarterstaff of chaos!
You are poisoned.
You whack Crazy Yiuf!
Crazy Yiuf is severely wounded.
You feel very sick.
Crazy Yiuf hits you with a +2 quarterstaff of chaos!
Crazy Yiuf freezes you.
You hit Crazy Yiuf but do no damage. Your headbutt misses Crazy Yiuf.
Crazy Yiuf is severely wounded.
You feel very sick. Crazy Yiuf closely misses you.
You hit Crazy Yiuf but do no damage.
Crazy Yiuf is severely wounded.
You feel sick.
Crazy Yiuf hits you with a +2 quarterstaff of chaos.
* * * LOW HITPOINT WARNING * * *
You barely miss Crazy Yiuf.
Crazy Yiuf is severely wounded.
You feel sick.
Crazy Yiuf hits you with a +2 quarterstaff of chaos!
You die...

#########
#.†...>.#
#.#######
#####
###.###
#)..#
#.....#
#...#
##.....#####
...
...........#
#g#
##.....###.#
♣@♣♣
##.....##.##
♣♣.♣
..##...<.###
♣.♣♣
♣.......#..#
♣♣.♣
♣..#......##
♣♣.♣♣
##.#.##.##.#
♣♣)..♣
.#.#.##.##.#
♣....♣
.♣.#.##.####
#....#
.'.#.##.#
###..##


You could see Crazy Yiuf.

Vanquished Creatures
  4 adders (D:2)
  3 worms
  2 dart slugs
  7 bats
  3 endoplasms
  A giant cockroach (D:2)
  3 goblins
  4 hobgoblins
  9 jackals
  3 kobolds
  2 quokkas
  8 ball pythons
  3 frilled lizards
  7 rats
59 creatures vanquished.

Vanquished Creatures (others)
  24 plants (D:2)
24 creatures vanquished.

Grand Total: 83 creatures vanquished

Notes
Turn   | Place    | Note
-------+----------+-------------------------------------------
     0 | D:1      | n8rtot the Minotaur Gladiator began the quest for the Orb.
     0 | D:1      | Reached XP level 1. HP: 18/18 MP: 0/0
   471 | D:1      | Reached XP level 2. HP: 21/25 MP: 1/1
   480 | D:1      | Reached skill level 4 in Long Blades
  1146 | D:2      | Reached XP level 3. HP: 29/30 MP: 2/2
  1282 | D:2      | Reached skill level 1 in Armour
  1622 | D:2      | Reached skill level 5 in Long Blades
  1648 | D:2      | Reached XP level 4. HP: 37/37 MP: 3/3
  2498 | D:3      | Identified the +9 whip of Ofef {elec, Dex+3}
  2568 | D:3      | Found a runed translucent door.
  2569 | D:3      | Noticed Crazy Yiuf
  2699 | D:3      | Found an iron altar of Okawaru.
  2708 | D:3      | Became a worshipper of Warmaster Okawaru
  2862 | D:3      | Found a faded altar of an unknown god.
  2920 | D:3      | Slain by Crazy Yiuf

Illustrated notes

Levels and vault maps discovered:
D:1:      spicycebolla_arrival_xxxplode, layout_basic
D:2:      layout_rooms, serial_bayou, serial_bayou_lagoon_a,
          serial_bayou_lake_a, serial_bayou_crossing, serial_bayou_pond_e,
          lemuel_flame_loot_1
D:3:      layout_loops_ring, okawaru_metal_pillars_1_2,
          dilly_ecumenical_altar_fadedgnrine, minmay_pentomino_pile,
          uniq_crazy_yiuf_cottage

Skill      XL: |  1  2  3  4 |
---------------+-------------+-----
Long Blades    | 4 5 |  5.3
Armour         | 1 |  1.6
Fighting       | 3 |  3.0
Throwing       | |  2.2
Dodging        | |  3.8

Action                   |  1- 3 |  4- 6 || total
-------------------------+-------+-------++-------
Melee: Long sword        |    87 |    56 ||   143
       Headbutt          |     7 |     9 ||    16
       Whip              |       |    11 ||    11
       Punch             |       |     1 ||     1
Armor: Leather armour    |     9 |       ||     9
       Ring mail         |    10 |       ||    10
       Scale mail        |    25 |     6 ||    31
       Chain mail        |       |    16 ||    16
Dodge: Dodged            |    84 |    20 ||   104
Block: Buckler           |       |     3 ||     3

Table legend: (Time is in decaauts)
 A = Elapsed time spent in this place.
 B = Non-inter-level travel time spent in this place.
 C = Inter-level travel time spent in this place.
 D = Time resting spent in this place.
 E = Time spent auto-exploring this place.
 F = Levels seen in this place.
 G = Mean time per level.
                   A        B        C        D        E       F      G
               +--------+--------+--------+--------+--------+-----+--------+
         Total |   3012 |   3012 |      0 |      0 |   2346 |   3 | 1004.0 |
       Dungeon |   3012 |   3012 |      0 |      0 |   2346 |   3 | 1004.0 |
               +--------+--------+--------+--------+--------+-----+--------+

Top non-repeatable levels by time:
     D:2: 1100 daAuts
     D:1: 1073 daAuts
     D:3: 838 daAuts
